 Dungeon Sprint DCSS version 0.30-a0-702-gdf48620a09 (webtiles) character file.

Game seed: 4821219340775920168

274 rocky1 the Severer (level 8, -12/74 HPs)
             Began as a Minotaur Gladiator on Jan 22, 2023.
             Was an Initiate of Gozag.
             Mangled by the 27-headed Lernaean hydra (16 damage)
             ... in the Dungeon (Sprint VI: "Thunderdome").
             The game lasted 00:08:13 (674 turns).

rocky1 the Severer (Minotaur Gladiator)              Turns: 674, Time: 00:08:13

Health: -12/74     AC:  3    Str: 30    XL:     8   Next: 66%
Magic:  7/7        EV: 14    Int:  5    God:    Gozag
Gold:   50         SH:  0    Dex:  7    Spells: 7/7 levels left

rFire   . . .      SeeInvis .    v - +0 executioner's axe (venom)
rCold   + + .      Faith    +    (shield currently unavailable)
rNeg    + + .      Spirit   .    b - +0 leather armour
rPois   +          Reflect  .    c - +0 hat
rElec   +          Harm     .    (no cloak)
rCorr   +          Rampage  .    (no gloves)
Will    .....      NoTele   +    (no boots)
Stlth   +                        t - amulet "Siotatu" {Faith rN+ Regen+ Str+8 Dex-4}
HPRegen 1.12/turn                x - ring "Donneys" {rElec rPois rC+ Slay+6}
MPRegen 0.10/turn                w - ring of the Hart {rC+ rN+ rCorr}

@: no status effects
A: horns 2, retaliatory headbutt
a: Renounce Religion, Potion Petition, Call Merchant, Bribe Branch


You were in the Dungeon.
You worshipped Gozag.
Gozag was noncommittal.
You visited 1 branch You collected 2121 gold pieces.
You spent 2071 gold pieces at shops.

Inventory:

Hand Weapons
 a - a +0 war axe
 v - a +0 executioner's axe of venom (weapon)
 z - a +0 triple crossbow
Missiles
 e - a javelin (quivered)
 p - a boomerang
Armour
 b - a +0 leather armour (worn)
 c - a +0 hat (worn)
Jewellery
 r - the amulet "Qivaeq" {Reflect rN+ Str+3 SH+5 Stlth+}
   (You bought it in a shop in the Dungeon)

   [amulet of reflection]

   It reflects blocked missile attacks.
   Str:       It affects your strength (+3).
   rN:        It protects you from negative energy.
   SH:        It affects your SH (+5).
   Stlth:     It makes you more stealthy.
 s - the ring of Understanding {Drain rF+ Int+3}
   (You bought it in a shop in the Dungeon)

   [ring of protection from fire]

   Int:       It affects your intelligence (+3).
   rF:        It protects you from fire.
   Drain:     It drains your maximum health when unequipped.
 t - the amulet "Siotatu" (around neck) {Faith rN+ Regen+ Str+8 Dex-4}
   (You bought it in a shop in the Dungeon)

   [amulet of faith]

   It allows you to gain divine favour quickly.
   Str:       It affects your strength (+8).
   Dex:       It affects your dexterity (-4).
   rN:        It protects you from negative energy.
   Regen:     It increases your rate of health regeneration.
 u - the ring "Toustruw" {Ice rElec Will+ Str+3 Int+2}
   (You bought it in a shop in the Dungeon)

   [ring of ice]

   It enhances your ice magic.
   Str:       It affects your strength (+3).
   Int:       It affects your intelligence (+2).
   rF:        It makes you vulnerable to fire.
   rC:        It protects you from cold.
   rElec:     It insulates you from electricity.
   Will:      It increases your willpower.
 w - the ring of the Hart (right hand) {rC+ rN+ rCorr}
   (You bought it in a shop in the Dungeon)

   [ring of protection from cold]

   rC:        It protects you from cold.
   rN:        It protects you from negative energy.
   rCorr:     It protects you from acid and corrosion.
 x - the ring "Donneys" (left hand) {rElec rPois rC+ Slay+6}
   (You bought it in a shop in the Dungeon)

   [ring of poison resistance]

   Slay:      It affects your accuracy & damage with ranged weapons and melee
   (+6).
   rC:        It protects you from cold.
   rElec:     It insulates you from electricity.
   rPois:     It protects you from poison.
 y - the ring "Okkoum" {rCorr Str+6}
   (You bought it in a shop in the Dungeon)

   [ring of resist corrosion]

   Str:       It affects your strength (+6).
   rCorr:     It protects you from acid and corrosion.
Wands
 m - a wand of quicksilver (5)
 n - a wand of roots (5)
Scrolls
 o - 2 scrolls of fog
Potions
 f - 9 potions of curing
 g - 6 potions of heal wounds
 h - 4 potions of haste
 i - 2 potions of magic
 j - a potion of berserk rage
 l - 6 potions of resistance
 q - 6 potions of might


   Skills:
 - Level 8.2 Fighting
 * Level 17.3 Axes
 + Level 2.6 Ranged Weapons
 - Level 2.1 Throwing
 - Level 6.0 Armour
 - Level 10.8 Dodging
 - Level 1.3 Stealth


You had 7 spell levels left.
You didn't know any spells.
Your spell library was empty.

Dungeon Overview and Level Annotations

Branches:
Dungeon (1/1)

Altars:
Cheibriados
Dithmenos
Fedhas
Gozag
Kikubaaqudgha
Makhleb
Okawaru
Qazlal
Ru
Sif Muna
Trog
Uskayaw
Vehumet
Wu Jian
Xom
Yredelemnul
Zin
The Shining One
Lugonu

Shops:
D *[??*?*:[((!!!!

Annotations:
D Lernaean hydra


Innate Abilities, Weirdness & Mutations

You have a pair of horns on your head.
You reflexively headbutt those who attack you in melee.


Message History

Your +0 executioner's axe of draining drips with poison.
v - a +0 executioner's axe of venom (weapon)
Unknown command.
Blink to where?
Press: ? - help, Dir - move target
As you read the scroll of blinking, it crumbles to dust.
Blink to where?
Press: ? - help, Dir - move target
As you read the scroll of blinking, it crumbles to dust.
Blink to where?
Press: ? - help, Dir - move target
As you read the scroll of blinking, it crumbles to dust.
As you read the scroll of fog, it crumbles to dust.
The scroll dissolves into smoke.
You start waiting.
You completely miss the spriggan druid. The spriggan druid closely misses you.
You slice the spriggan druid!!
The spriggan druid looks as sick as possible!
Your headbutt misses the spriggan druid.
The spriggan druid is severely wounded.
The spriggan druid calls out to the beasts of the wild!
You miss the spriggan druid.
The spriggan druid is almost dead.
The spriggan druid casts a spell.
The spriggan druid is healed somewhat.
A spriggan rider comes into view. It is wielding a +0 spear.
Unknown command.
The 27-headed Lernaean hydra attacks as you move away!
The 27-headed Lernaean hydra bites you. The 27-headed Lernaean hydra bites you!
The 27-headed Lernaean hydra bites you. The 27-headed Lernaean hydra bites you!
The 27-headed Lernaean hydra closely misses you.
The 27-headed Lernaean hydra bites you! x2
* * * LOW HITPOINT WARNING * * *
The 27-headed Lernaean hydra closely misses you.
The 27-headed Lernaean hydra bites you!
* * * LOW HITPOINT WARNING * * *
The 27-headed Lernaean hydra closely misses you.
The 27-headed Lernaean hydra bites you!
You die...
Your body crumbles into a pile of gold.

######.8.........8.######
#(...$.......⌠#
###....i....###
#........_# #_.§..§...#
#_§§....._# #§.§..§..∩#
##§§iD..∩## ##.@...##
##⌠⌠⌠## #####


You could see the 27-headed Lernaean hydra, a spriggan rider (wandering) and a
spriggan druid (extremely poisoned).

Vanquished Creatures
  A komodo dragon (D)
  A tyrant leech (D)
  3 fire elementals (D)
  3 fire bats (D)
  A wolf (D)
  2 scorpions (D)
  Jessica (D)
  3 hell rats (D)
  An adder (D)
  A river rat (D)
  3 worms (D)
  A dart slug (D)
  An orc (D)
  A goblin (D)
  A quokka (D)
24 creatures vanquished.

Notes
Turn   | Place    | Note
-------+----------+-------------------------------------------
     0 | D        | rocky1 the Minotaur Gladiator began the quest for the Orb.
     0 | D        | Reached XP level 1. HP: 18/18 MP: 0/0
     4 | D        | Found a stormy altar of Qazlal.
     4 | D        | Found a shadowy altar of Dithmenos.
     5 | D        | Found an opulent altar of Gozag.
     5 | D        | Found an ancient bone altar of Kikubaaqudgha.
     5 | D        | Round 1.
     6 | D        | Found a shimmering blue altar of Sif Muna.
     6 | D        | Found a burning altar of Makhleb.
     7 | D        | Found Naiwk's Distillery.
     7 | D        | Found a basalt altar of Yredelemnul.
     7 | D        | Found Lusydo Wefao's Do-It-Yourself Clinic.
     8 | D        | Found Poircha's Distillery.
     8 | D        | Found Tenafeos's Bottled Wisdom.
    15 | D        | Became a worshipper of Gozag Ym Sagoz the Greedy
    20 | D        | Reached skill level 4 in Axes
    52 | D        | Noticed Jessica
    56 | D        | Found a snail-covered altar of Cheibriados.
    58 | D        | Killed Jessica
    59 | D        | Reached skill level 5 in Axes
    59 | D        | Reached skill level 5 in Dodging
    59 | D        | Reached XP level 2. HP: 14/26 MP: 1/1
    60 | D        | Reached XP level 3. HP: 17/31 MP: 2/2
    89 | D        | Reached skill level 6 in Axes
   131 | D        | Found Xyresid's Staff Store.
   132 | D        | Found Myifigh's Must-Have Magic.
   132 | D        | Found Faejikiu's Magic Scroll Shop.
   136 | D        | Arena points: 14 (+14) [x2]
   148 | D        | Found a hide-covered altar of Uskayaw.
   148 | D        | Found a glowing silver altar of Zin.
   148 | D        | Found Neossautt's Magic Scroll Shop.
   153 | D        | Found an iron altar of Okawaru.
   154 | D        | Found a corrupted altar of Lugonu.
   182 | D        | Found a blossoming altar of Fedhas.
   186 | D        | Bought 4 potions of curing for 84 gold pieces
   186 | D        | Bought 3 potions of heal wounds for 105 gold pieces
   193 | D        | Bought 6 potions of might for 168 gold pieces
   209 | D        | Found a radiant altar of Vehumet.
   209 | D        | Round 2.
   210 | D        | Noticed a scorpion
   214 | D        | Killed a scorpion
   215 | D        | Reached skill level 7 in Axes
   215 | D        | Reached XP level 4. HP: 37/41 MP: 3/3
   225 | D        | Noticed a scorpion
   230 | D        | Reached skill level 8 in Axes
   234 | D        | Killed a scorpion
   235 | D        | Reached skill level 5 in Fighting
   235 | D        | Reached skill level 9 in Axes
   235 | D        | Reached XP level 5. HP: 32/48 MP: 4/4
   235 | D        | Found Ykkoog's Jewellery.
   237 | D        | Found Mudatios's Advanced Armour.
   238 | D        | Found a sacrificial altar of Ru.
   238 | D        | Found an ornate altar of the Wu Jian Council.
   238 | D        | Found Hakomung's Identification Station.
   248 | D        | Found a glowing golden altar of the Shining One.
   249 | D        | Found a shimmering altar of Xom.
   250 | D        | Found Puiditar's Premium Goods.
   251 | D        | Found Ahaos's Miscellaneous Merchandise.
   251 | D        | Found Kiexir's Basic Armour.
   252 | D        | Found a bloodstained altar of Trog.
   252 | D        | Found Wadaimer's Weapon Rack.
   258 | D        | Arena points: 50 (+36) [x3]
   280 | D        | Round 3.
   287 | D        | Noticed a fire elemental
   298 | D        | Killed a fire elemental
   299 | D        | Reached skill level 11 in Axes
   299 | D        | Reached XP level 6. HP: 17/57 MP: 5/5
   305 | D        | Noticed a fire elemental
   315 | D        | Killed a fire elemental
   316 | D        | Reached skill level 12 in Axes
   319 | D        | Noticed a fire bat
   325 | D        | Noticed a fire bat
   332 | D        | Killed a fire bat
   333 | D        | Reached skill level 5 in Armour
   333 | D        | Reached skill level 10 in Dodging
   333 | D        | Reached XP level 7. HP: 39/66 MP: 6/6
   333 | D        | Killed a fire bat
   334 | D        | Reached skill level 13 in Axes
   334 | D        | Reached skill level 1 in Stealth
   345 | D        | Noticed a fire elemental
   354 | D        | Killed a fire elemental
   355 | D        | Reached skill level 14 in Axes
   376 | D        | Bought 4 potions of curing for 84 gold pieces
   376 | D        | Bought 3 potions of heal wounds for 105 gold pieces
   384 | D        | Bought 6 potions of resistance for 420 gold pieces
   384 | D        | Noticed a fire bat
   391 | D        | Killed a fire bat
   391 | D        | Arena points: 134 (+84) [x4]
   415 | D        | Bought a shimmering pewter amulet for 45 gold pieces
   415 | D        | Identified the amulet "Qivaeq" {Reflect rN+ Str+3 SH+5
                  | Stlth+} (You bought it in a shop in the Dungeon)
   415 | D        | Bought a bound platinum ring for 45 gold pieces
   415 | D        | Identified the ring of Understanding {Drain rF+ Int+3} (You
                  | bought it in a shop in the Dungeon)
   415 | D        | Bought a fine jade amulet for 45 gold pieces
   415 | D        | Identified the amulet "Siotatu" {Faith rN+ Regen+ Str+8
                  | Dex-4} (You bought it in a shop in the Dungeon)
   415 | D        | Bought a clouded turquoise ring for 45 gold pieces
   415 | D        | Identified the ring "Toustruw" {Ice rElec Will+ Str+3
                  | Int+2} (You bought it in a shop in the Dungeon)
   443 | D        | Bought a +0 executioner's axe for 300 gold pieces
   468 | D        | Round 4.
   489 | D        | Noticed a komodo dragon
   497 | D        | Killed a komodo dragon
   498 | D        | Reached skill level 16 in Axes
   498 | D        | Reached XP level 8. HP: 69/74 MP: 7/7
   516 | D        | Bought a crude brass ring for 45 gold pieces
   516 | D        | Identified the ring of the Hart {rC+ rN+ rCorr} (You bought
                  | it in a shop in the Dungeon)
   516 | D        | Bought a faintly glowing brass ring for 45 gold pieces
   516 | D        | Identified the ring "Donneys" {rElec rPois rC+ Slay+6} (You
                  | bought it in a shop in the Dungeon)
   516 | D        | Bought a heavily runed golden ring for 45 gold pieces
   516 | D        | Identified the ring "Okkoum" {rCorr Str+6} (You bought it
                  | in a shop in the Dungeon)
   567 | D        | Arena points: 274 (+140) [x5]
   618 | D        | Bought a +0 triple crossbow for 300 gold pieces
   622 | D        | Round 5.
   623 | D        | Noticed a tyrant leech
   631 | D        | Noticed the 27-headed Lernaean hydra
   632 | D        | Killed a tyrant leech
   633 | D        | Reached skill level 17 in Axes
   651 | D        | Bought a scroll of brand weapon for 95 gold pieces
   651 | D        | Noticed a seven-headed hydra
   653 | D        | Noticed a spriggan druid
   654 | D        | Bought a scroll of brand weapon for 95 gold pieces
   674 | D        | Noticed a spriggan rider
   674 | D        | Mangled by the 27-headed Lernaean hydra

Illustrated notes

Levels and vault maps discovered:
D:        arena_sprint

Skill      XL: |  1  2  3  4  5  6  7  8 |
---------------+-------------------------+-----
Axes           | 5 7 9 11 12 16 17 | 17.3
Fighting       | 3 4 5 6 7 8 |  8.2
Dodging        | 5 7 8 9 10 | 10.8
Armour         | 2 3 5 6 |  6.0
Stealth        | 1 |  1.3
Ranged Weapons | 2 |  2.6
Throwing       | |  2.1

Action                   |  1- 3 |  4- 6 |  7- 9 || total
-------------------------+-------+-------+-------++-------
Melee: War axe           |    21 |    35 |    10 ||    66
       Headbutt          |     3 |     7 |     3 ||    13
       Executioner's axe |       |       |    18 ||    18
Throw: Throwing net      |       |       |     3 ||     3
  Use: Potion            |       |     4 |     1 ||     5
       Scroll            |       |       |     7 ||     7
 Stab: Held in net/web   |       |       |     1 ||     1
Armor: Leather armour    |     8 |    12 |     5 ||    25
Dodge: Dodged            |    17 |    23 |    21 ||    61

Table legend: (Time is in decaauts)
 A = Elapsed time spent in this place.
 B = Non-inter-level travel time spent in this place.
 C = Inter-level travel time spent in this place.
 D = Time resting spent in this place.
 E = Time spent auto-exploring this place.
 F = Levels seen in this place.
 G = Mean time per level.
                   A        B        C        D        E       F      G
               +--------+--------+--------+--------+--------+-----+--------+
         Total |    677 |    677 |      0 |     84 |      0 |   1 |  677.0 |
       Dungeon |    677 |    677 |      0 |     84 |      0 |   1 |  677.0 |
               +--------+--------+--------+--------+--------+-----+--------+

Top non-repeatable levels by time:
       D: 677 daAuts
